 Dungeon Crawl Stone Soup version 0.27-a0-385-g3208abaabc (webtiles) character file.

Game seed: 16947009232929416523

25 tsouns the Sneak (level 2, -1/26 HPs)
             Began as a Demigod Delver on Feb 19, 2021.
             Slain by a worker ant (3 damage)
             ... on level 4 of the Dungeon.
             The game lasted 00:00:55 (609 turns).

tsouns the Sneak (Demigod Delver)                    Turns: 609, Time: 00:00:56

Health: -1/26      AC:  3    Str: 13    XL:     2   Next: 63%
Magic:  4/4        EV: 12    Int: 12    God:
Gold:   33         SH:  0    Dex: 15    Spells: 1/1 levels left

rFire    . . .     SeeInvis .   a - +0 hand axe
rCold    . . .     Faith    .   (no shield)
rNeg     . . .     Spirit   .   b - +0 leather armour
rPois    .         Reflect  .   (no helmet)
rElec    .         Harm     .   (no cloak)
rCorr    .         Rampage  .   (no gloves)
Will     .....                  (no boots)
Stlth    +++.......             (no amulet)
HPRegen  0.08/turn              (no ring)
MPRegen  0.09/turn              (no ring)

@: lethally poisoned (-1 -> -12)
A: high mp 1
a: no special abilities


You were on level 4 of the Dungeon.
You visited 1 branch of the dungeon, and saw 3 of its levels.

You collected 33 gold pieces.

Inventory:

Hand Weapons
 a - a +0 hand axe (weapon)
Armour
 b - a +0 leather armour (worn)
Wands
 g - a wand of digging (3)
Scrolls
 c - a scroll of fog
 e - a scroll of fear


   Skills:
 + Level 3.1 Fighting
 + Level 2.3 Axes
 + Level 2.2 Dodging
 - Level 4.5 Stealth


You had one spell level left.
You didn't know any spells.
Your spell library was empty.

Dungeon Overview and Level Annotations

Branches:
Dungeon (5/15)
 Temple: D:4-7

Annotations:
D:3 Ijyb


Innate Abilities, Weirdness & Mutations

You have an increased reservoir of magic. (+10% MP)


Message History

You open the door.
Found a ring mail.
A worker ant comes into view.
There is an open door here.
A quokka skeleton comes into view.
There is an open door here.
You hit the worker ant but do no damage.
The worker ant barely misses you. The worker ant closely misses you.
You hit the worker ant.
The worker ant is moderately wounded.
The worker ant bites you but does no damage.
You barely miss the worker ant.
The worker ant is moderately wounded.
The worker ant bites you.
You are poisoned.
The worker ant poisons you! The worker ant bites you.
You are more poisoned.
The worker ant poisons you!
You closely miss the worker ant.
The worker ant is moderately wounded.
You feel sick. The worker ant bites you.
You hit the worker ant.
The worker ant is heavily wounded.
You feel sick. The worker ant barely misses you.
You barely miss the worker ant.
The worker ant is heavily wounded.
You feel sick. The worker ant bites you. x2
* * * LOW HITPOINT WARNING * * *
You barely miss the worker ant.
The worker ant is heavily wounded.
* * * LOW HITPOINT WARNING * * *
You feel sick. The worker ant bites you.
* * * LOW HITPOINT WARNING * * *
You are more poisoned.
The worker ant poisons you!
You closely miss the worker ant.
The worker ant is heavily wounded.
* * * LOW HITPOINT WARNING * * *
You feel sick. The worker ant closely misses you. The worker ant bites you.
You die...

##...########.## ### ##.##
#.# ..# #.# #.# #.# #.#
#.## #.# ##+## #... #B#
##...## #### #.###.....##
#### . #.##.......## ##.##
#...##.#@........####...#
..[.....B.........'.......
........#.........####...#
..#.######.......## ##.##
.. ##.....## #### ..
##...## # . ##+## # # #


You could see a worker ant.

Vanquished Creatures
  A worker ant (D:4)
  A giant cockroach (D:4)
  A ball python (D:4)
  A leopard gecko skeleton (D:5)
4 creatures vanquished.

Notes
Turn   | Place    | Note
-------+----------+-------------------------------------------
     0 | D:5      | tsouns the Demigod Delver began the quest for the Orb.
     0 | D:5      | Reached XP level 1. HP: 18/18 MP: 3/3
    46 | D:3      | Noticed an orc priest
    46 | D:3      | Noticed Ijyb
    46 | D:3      | Noticed an orc priest
   398 | D:4      | Noticed a worker ant
   412 | D:4      | Killed a worker ant
   413 | D:4      | Reached XP level 2. HP: 12/26 MP: 4/4
   609 | D:4      | Slain by a worker ant

Illustrated notes

Levels and vault maps discovered:
D:3:      layout_basic, glass_columns_a, uniq_ijyb
D:4:      cheibrodos_barr_body, layout_loops_corners
D:5:      layout_gridville, gup_sewer_entry_pipe

Skill      XL: |  1 |
---------------+----+-----
Fighting       | 3 |  3.1
Axes           | 2 |  2.3
Dodging        | 2 |  2.2
Stealth        | |  4.5

Action                   || total
-------------------------++-------
Melee: Hand axe          ||    33
  Use: Scroll            ||     1
       Potion            ||     1
Armor: Leather armour    ||     6
Dodge: Dodged            ||    16

Table legend: (Time is in decaauts)
 A = Elapsed time spent in this place.
 B = Non-inter-level travel time spent in this place.
 C = Inter-level travel time spent in this place.
 D = Time resting spent in this place.
 E = Time spent auto-exploring this place.
 F = Levels seen in this place.
 G = Mean time per level.
                   A        B        C        D        E       F      G
               +--------+--------+--------+--------+--------+-----+--------+
         Total |    602 |    589 |     13 |      0 |    515 |   3 |  200.7 |
       Dungeon |    602 |    589 |     13 |      0 |    515 |   3 |  200.7 |
               +--------+--------+--------+--------+--------+-----+--------+

Top non-repeatable levels by time:
     D:4: 554 daAuts
     D:5: 43 daAuts
     D:3: 4 daAuts
